 Dungeon Crawl Stone Soup version 0.19-a0-559-ga3d69d0 (webtiles) character file.

502 tyrsky the Gusty (level 6, -3/45 HPs)
             Began as a Draconian Air Elementalist on June 8, 2016.
             Shot with an arrow by a centaur (5 damage)
             ... on level 6 of the Dungeon.
             The game lasted 00:15:51 (2963 turns).

tyrsky the Gusty (Draconian Air Elementalist)       Turns: 2963, Time: 00:15:52

Health: -3/45      AC:  6    Str: 10    XL:     6   Next: 95%
Magic:  1/12       EV: 12    Int: 17    God:
Gold:   183        SH:  0    Dex: 12    Spells: 4 memorised, 5 levels left

rFire  . . .     SeeInvis .     (no weapon)
rCold  + . .     Gourm    .     (armour unavailable)
rNeg   . . .     Faith    .     (no shield)
rPois  .         Spirit   .     (helmet restricted)
rElec  .         Dismiss  .     (no cloak)
rCorr  .         Reflect  .     (no gloves)
SustAt .         Harm     .     (no boots)
MR     .....                    (no amulet)
Stlth  ++........               (no ring)
                                q - ring of protection from cold

@: repel missiles, not resistant to hostile enchantments, unstealthy
A: unfitting armour, cold-blooded, AC +6
a: no special abilities


You were on level 6 of the Dungeon.
You were not hungry.

You visited 1 branch of the dungeon, and saw 6 of its levels.

You collected 183 gold pieces.

Inventory:

Missiles
 e - 8 javelins (quivered)
Jewellery
 h - an uncursed amulet of harm
 q - a ring of protection from cold (left hand)
Wands
 o - a wand of disintegration (24/24)
Scrolls
 d - a scroll of blinking
 f - 2 scrolls of noise
 g - a scroll of identify {@*1}
 l - a scroll of magic mapping
 m - a scroll of teleportation
 u - a scroll of amnesia
Potions
 c - a potion of flight
 i - a potion of brilliance
 k - a potion of mutation
 n - a potion of curing
 p - a potion of berserk rage
Books
 a - a book of Air

   Spells                             Type                      Level
   a - Shock                          Conjuration/Air              1
   b - Swiftness                      Charms/Air                   2
   c - Repel Missiles                 Charms/Air                   2
   d - Static Discharge               Conjuration/Air              3
   e - Lightning Bolt                 Conjuration/Air              5
Comestibles
 b - 2 bread rations
 j - 5 meat rations
 r - 2 chunks of flesh
 s - a slice of pizza


   Skills:
 - Level 1.7 Dodging
 - Level 1.7 Stealth
 + Level 4.2 Spellcasting
 + Level 4.1 Conjurations
 + Level 5.2 Air Magic


You had 5 spell levels left.
You knew the following spells:

 Your Spells              Type           Power        Failure   Level  Hunger
a - Shock                 Conj/Air       ###.         2%          1    None
b - Static Discharge      Conj/Air       ###.....     10%         3    ###....
c - Swiftness             Chrm/Air       ##......     10%         2    ##.....
d - Repel Missiles        Chrm/Air       ##....       10%         2    ##.....


Dungeon Overview and Level Annotations

Branches:
Dungeon (6/15)
 Temple: D:4-7

Altars:
Ashenzari
Elyvilon
Ru
Uskayaw
Yredelemnul
Zin

Shops:
D:3 *

Annotations:
D:4 Eustachio


Innate Abilities, Weirdness & Mutations

Your plain brown scales are hard. (AC +6)
Your body does not fit into most forms of armour.
You are cold-blooded and may be slowed by cold attacks.


Message History

Aim: a centaur, wielding a shortbow of flaming (lightly wounded)
The zap hits the centaur.
The centaur is heavily wounded.
The centaur shoots an arrow.
The arrow closely misses you.
Casting: Shock
Confirm with . or Enter, or press ? or * to list all spells.
Aiming: Shock
Press: ? - help, Shift-Dir - straight line, f/p - centaur
Aim: a centaur, wielding a shortbow of flaming (heavily wounded)
The zap hits the centaur.
The centaur is heavily wounded.
Casting: Shock
Confirm with . or Enter, or press ? or * to list all spells.
Aiming: Shock
Press: ? - help, Shift-Dir - straight line, f/p - centaur
Aim: a centaur, wielding a shortbow of flaming (heavily wounded)
The zap misses the centaur.
The centaur shoots an arrow.
The arrow hits you!
* * * LOW HITPOINT WARNING * * *
The arrow burns you.
You die...

###### #....# # #....#
... #....#
.....###########....#
....c$.d(.......[...####
............._..........
.....###########.#######
#### #..# ##.# #.## #..#
########## ##.#
.........# ##'#####


You could see a centaur.

Vanquished Creatures
  Menkaure (D:5)
  A giant frog (D:6)
  A water moccasin skeleton (D:5)
  A giant frog skeleton (D:5)
  A hound (D:4)
  2 iguanas (D:6)
  2 worker ants
  7 adders
  An ooze (D:6)
  An adder skeleton (D:4)
  3 worms (D:4)
  2 dart slugs
  3 giant geckos
  An orc (D:4)
  A giant cockroach (D:1)
  2 goblins
  5 hobgoblins
  3 jackals (D:6)
  3 kobolds
  A quokka (D:4)
  2 bats
  4 giant newts
  5 rats
53 creatures vanquished.

Notes
Turn   | Place    | Note
--------------------------------------------------------------
     0 | D:1      | tyrsky the Draconian Air Elementalist began the quest for the Orb.
     0 | D:1      | Reached XP level 1. HP: 14/14 MP: 3/3
   237 | D:1      | Reached XP level 2. HP: 17/20 MP: 0/5
   718 | D:2      | Reached XP level 3. HP: 20/26 MP: 0/6
   878 | D:3      | Noticed a dagger
   879 | D:3      | Noticed a dagger
   879 | D:3      | Found a hide-covered altar of Uskayaw.
   892 | D:3      | Found Zin's Purification Station.
   892 | D:3      | Found a glowing silver altar of Zin.
  1107 | D:4      | Found a white marble altar of Elyvilon.
  1147 | D:4      | Reached XP level 4. HP: 10/33 MP: 0/8
  1441 | D:4      | Noticed Eustachio
  1474 | D:4      | Reached skill level 4 in Air Magic
  1537 | D:3      | Learned a level 2 spell: Repel Missiles
  1540 | D:3      | Learned a level 2 spell: Swiftness
  1544 | D:3      | Learned a level 3 spell: Static Discharge
  1595 | D:3      | Found a basalt altar of Yredelemnul.
  1854 | D:4      | Reached XP level 5. HP: 7/38 MP: 0/9
  2316 | D:5      | Entered Level 5 of the Dungeon
  2326 | D:5      | Noticed Menkaure
  2333 | D:5      | Killed Menkaure
  2333 | D:5      | Reached XP level 6. HP: 24/45 MP: 0/11
  2589 | D:5      | You fall through a shaft!
  2708 | D:5      | Found a sacrificial altar of Ru.
  2766 | D:6      | Reached skill level 5 in Air Magic
  2940 | D:6      | Found a shattered altar of Ashenzari.
  2963 | D:6      | HP: 2/45 [centaur/arrow (12)]
  2963 | D:6      | Shot with an arrow by a centaur

Vault maps used:
D:1:      dpeg_arrival_rooms_c
D:2:      uniq_robin
D:3:      zin_purify, yredelemnul_altar_generic, marbit_many_paths,
          lemuel_coloured_pillars_altar, dancing_weapons_uskayaw,
          nemelex_diamond_rough_becter
D:4:      kennysheep_little_box, gammafunk_temple_overflow_statue,
          uniq_eustachio
D:5:      nicolae_overflow_crystal_walls, first_bread, uniq_prince_ribbit1,
          uniq_menkaure
D:6:      overflow_temple_1_default

Skill      XL: |  1  2  3  4  5  6 |
---------------+-------------------+-----
Conjurations   | 2 3 4 |  4.1
Air Magic      | 4 5 |  5.2
Spellcasting   | 3 4 |  4.2
Dodging        | |  1.7
Stealth        | |  1.7

Action                   |  1- 3 |  4- 6 || total
-------------------------+-------+-------++-------
Melee: Unarmed           |    32 |    27 ||    59
       Tailslap          |     1 |     4 ||     5
 Cast: Shock             |    62 |    98 ||   160
       Static Discharge  |       |     7 ||     7
       Repel Missiles    |       |     1 ||     1
  Use: Scroll            |     3 |    11 ||    14
       Potion            |     2 |     1 ||     3
 Stab: Sleeping          |       |     1 ||     1
  Eat: Chunk             |     1 |     8 ||     9
Armor: Skin              |    16 |    38 ||    54
Dodge: Dodged            |    39 |    56 ||    95
